 Dungeon Crawl Stone Soup version 0.25.1-8-g42b30a86e7 (webtiles) character file.

Game seed: 14230128043809429355

59 gruber the Chiller (level 3, -4/24 HPs)
             Began as a Demonspawn Ice Elementalist on Dec 19, 2020.
             Slain by a worm (12 damage)
             ... on level 3 of the Dungeon.
             The game lasted 00:01:36 (2344 turns).

gruber the Chiller (Demonspawn Ice Elementalist)    Turns: 2344, Time: 00:01:36

Health: -4/24      AC:  5    Str:  8    XL:     3   Next: 78%
Magic:  3/6        EV: 12    Int: 17    God:
Gold:   104        SH:  0    Dex: 13    Spells: 2/6 levels left

rFire    . . .     SeeInvis .   d - +0 hand axe
rCold    . . .     Gourm    .   (no shield)
rNeg     . . .     Faith    .   a - +0 robe
rPois    .         Spirit   .   (no helmet)
rElec    .         Reflect  .   (no cloak)
rCorr    .         Harm     .   b - +0 pair of gloves
MR       .....                  (no boots)
Stlth    ++........             (no amulet)
HPRegen  0.08/turn              (no ring)
MPRegen  0.10/turn              (no ring)

@: very slightly contaminated
A: yellow scales 1
a: no special abilities


You were on level 3 of the Dungeon.
You were very hungry.

You visited 1 branch of the dungeon, and saw 3 of its levels.

You collected 104 gold pieces.

Inventory:

Hand Weapons
 d - a +0 hand axe (weapon)
Missiles
 h - 34 poisoned darts (quivered)
Armour
 a - a +0 robe (worn)
 b - a +0 pair of gloves (worn)
Scrolls
 j - a scroll of magic mapping {unknown}
 m - a scroll of identify {unknown}
Potions
 e - 2 potions of magic {unknown}
 f - 2 potions of heal wounds {unknown}
 g - 3 potions of haste {unknown}
 i - 2 potions of lignification {unknown}
 k - a potion of might {unknown}
 l - 2 potions of ambrosia {unknown}
 n - a potion of stabbing {unknown}
 o - a potion of flight {unknown}
Comestibles
 c - 5 rations


   Skills:
 - Level 1.7 Dodging
 - Level 1.7 Stealth
 - Level 2.0 Spellcasting
 + Level 5.0 Ice Magic


You had 2 spell levels left.
You knew the following spells:

 Your Spells              Type           Power        Failure   Level  Hunger
a - Freeze                Ice            ###.         2%          1    #......
b - Frozen Ramparts       Ice            ###...       8%          3    ###....

Your spell library contained the following spells:

 Spells                   Type           Power        Failure   Level  Hunger
 Ozocubu's Armour         Chrm/Ice       ##......     21%         3    ###....
 Hailstorm                Conj/Ice       ##......     56%         4    #####..
 Summon Ice Beast         Ice/Summ       ##......     56%         4    #####..


Dungeon Overview and Level Annotations

Branches:
Dungeon (3/15)

Altars:
Okawaru
Sif Muna


Innate Abilities, Weirdness & Mutations

You are partially covered in yellow scales. (AC +2)


Message History

The worm is almost dead.
The worm bites you.
A worm is nearby!
You are too injured to fight recklessly!
You are too injured to fight recklessly!
A worm is nearby!
A worm is nearby!
You are too injured to fight recklessly!
You are too injured to fight recklessly!
Casting: Frozen Ramparts (quite dangerous; 8% risk of failure)
Confirm with . or Enter, or press ? or * to list all spells.
The spell is quite dangerous to cast (8% risk of failure)!
Continue anyway?
You miscast Frozen Ramparts.
You are very lightly contaminated with residual magic.
Nothing appears to happen.
Unknown command.
Unknown command.
The worm bites you!
Ouch! That really hurt!
You die...

#...................#
##.####.............#
##..#....#.#####
#..#_#[..#.#
..###...#..###.##
#................
##.#####...####.# ..
######..####.###....
.............@......)
.#######.####w###....
#.#.....[# .
#.#.$....# #.#....$.#
#.#......# ##########


You could see a worm.

Vanquished Creatures
  2 adders
  An ooze (D:2)
  3 dart slugs
  An orc (D:3)
  8 bats
  A giant cockroach (D:3)
  2 goblins (D:1)
  2 hobgoblins (D:1)
  2 quokkas
  3 frilled lizards
  3 kobolds
  3 rats
31 creatures vanquished.

Notes
Turn   | Place    | Note
-------+----------+-------------------------------------------
     0 | D:1      | gruber the Demonspawn Ice Elementalist began the quest for
                  | the Orb.
     0 | D:1      | Reached XP level 1. HP: 13/13 MP: 3/3
   430 | D:1      | Reached skill level 4 in Ice Magic
   570 | D:1      | Gained mutation: You are partially covered in yellow
                  | scales. (AC +2) [demonic ancestry]
   570 | D:1      | Reached XP level 2. HP: 18/19 MP: 5/5
  1668 | D:2      | Reached XP level 3. HP: 23/24 MP: 6/6
  1691 | D:2      | Learned a level 3 spell: Frozen Ramparts
  1878 | D:2      | Found a shimmering blue altar of Sif Muna.
  2123 | D:3      | Reached skill level 5 in Ice Magic
  2308 | D:3      | Found an iron altar of Okawaru.
  2344 | D:3      | Slain by a worm

Illustrated notes

Levels and vault maps discovered:
D:1:      dpeg_arrival_tiny_k, layout_loops_ring
D:2:      layout_loops_ring, lemuel_blue_sif_altar
D:3:      wad_crossroads, layout_rooms, bloody_trog, okawaru_metal_pillars_1_2

Skill      XL: |  1  2  3 |
---------------+----------+-----
Ice Magic      | 4 5 |  5.0
Dodging        | |  1.7
Stealth        | |  1.7
Spellcasting   | |  2.0

Action                   || total
-------------------------++-------
Melee: Unarmed           ||     3
       Hand axe          ||   115
 Cast: Freeze            ||    15
       Frozen Ramparts   ||     2
 Stab: Sleeping          ||     2
       Distracted        ||     1
  Eat: Chunk             ||     4
Armor: Robe              ||    55
Dodge: Dodged            ||    98
